 Seeded DCSS version 0.29.1-2-gbd0b4ee654 (webtiles) character file.

Game seed: 19941 (custom seed)

3213 Ashen the Scholar of Death (level 9, 0/68 HPs)
             Began as a Demonspawn Necromancer on Oct 29, 2022.
             Was a Follower of Kikubaaqudgha.
             Slain by an ice beast (13 damage)
             ... on level 8 of the Dungeon.
             The game lasted 00:23:20 (9097 turns).

Ashen the Scholar of Death (Demonspawn Necromancer) Turns: 9097, Time: 00:23:22

Health: 0/68       AC: 14    Str:  9    XL:     9   Next: 65%
Magic:  3/17       EV: 14    Int: 21    God:    Kikubaaqudgha [*.....]
Gold:   479        SH:  0    Dex: 13    Spells: 4/19 levels left

rFire   . . .      SeeInvis .   y - +0 rapier (venom)
rCold   . . .      Faith    .   (no shield)
rNeg    . . .      Spirit   .   f - +3 leather armour
rPois   .          Reflect  .   E - +2 hat
rElec   .          Harm     .   w - +0 cloak
rCorr   .          Rampage  .   l - +0 pair of gloves
Will    .....                   (no boots)
Stlth   +++.......              G - amulet of the acrobat
HPRegen 0.21/turn               g - +4 ring of protection
MPRegen 0.15/turn               (no ring)

@: animating dead
A: powered by death 2, sturdy frame 2, weakness stinger 2
a: Renounce Religion, Unearth Wretches


You were on level 8 of the Dungeon.
You worshipped Kikubaaqudgha.
Kikubaaqudgha was aware of your devotion.
You visited 2 branches of the dungeon, and saw 9 of its levels.

You collected 479 gold pieces.

Inventory:

Hand Weapons
 a - a +1 dagger of flaming
 y - a +0 rapier of venom (weapon)
Missiles
 H - 6 javelins
Armour
 f - a +3 leather armour (worn)
 l - a +0 pair of gloves (worn)
 w - a +0 cloak (worn)
 E - a +2 hat (worn)
Jewellery
 g - a +4 ring of protection (left hand)
 G - an amulet of the acrobat (around neck)
 I - a ring of ice
 J - a ring of see invisible
Wands
 v - a wand of digging (7)
 F - a wand of acid (2)
Scrolls
 c - a scroll of magic mapping {unknown}
 d - 9 scrolls of identify {unknown}
 e - 4 scrolls of amnesia
 h - a scroll of enchant armour {unknown}
 i - 2 scrolls of noise {unknown}
 n - a scroll of vulnerability {unknown}
 o - 2 scrolls of teleportation {unknown}
 p - 2 scrolls of poison {unknown}
 q - a scroll of summoning {unknown}
 s - a scroll of enchant weapon {unknown}
 x - a scroll of torment {unknown}
 C - a scroll of immolation {unknown}
Potions
 j - a potion of ambrosia {unknown}
 k - 8 potions of curing {unknown}
 m - a potion of mutation {unknown}
 r - 2 potions of flight {unknown}
 t - a potion of heal wounds {unknown}
 u - a potion of berserk rage {unknown}
 z - a potion of haste {unknown}
 A - 2 potions of invisibility {unknown}
 B - 2 potions of degeneration {unknown}
 D - a potion of brilliance {unknown}


   Skills:
 + Level 5.6 Fighting
 + Level 5.6 Dodging
 - Level 5.0 Stealth
 + Level 5.9 Spellcasting
 - Level 2.0 Hexes
 + Level 4.1 Summonings
 + Level 7.8 Necromancy


You had 4 spell levels left.
You knew the following spells:

 Your Spells              Type           Power      Damage    Failure   Level
a - Necrotise             Necr           100%       1d9       1%          1
b - Vampiric Draining     Necr           39%        2d8       1%          3
c - Animate Dead          Necr           39%        N/A       4%          4
d - Call Canine Familiar  Summ           23%        N/A       5%          3
e - Anguish               Hex/Necr       13%        N/A       13%         4

Your spell library contained the following spells:

 Spells                   Type           Power      Damage    Failure   Level
 Summon Small Mammal      Summ           92%        N/A       1%          1
 Sublimation of Blood     Necr           39%        N/A       1%          2
 Summon Guardian Golem    Hex/Summ       19%        N/A       9%          3
 Tukima's Dance           Hex            14%        N/A       13%         3
 Portal Projectile        Hex/Tloc       20%        N/A       21%         3
 Agony                    Necr           39%        N/A       11%         5
 Blade Hands              Tmut           3%         N/A       95%         5
 Irradiate                Conj/Tmut      3%         3d12      95%         5
 Dragon Form              Tmut           3%         N/A       100%        7


Dungeon Overview and Level Annotations

Branches:
Dungeon (8/15)             Temple (1/1) D:5
   Lair: D:8-11

Altars:
Ashenzari
Cheibriados
Dithmenos
Fedhas
Hepliaklqana
Kikubaaqudgha
Nemelex Xobeh
Okawaru
Qazlal
Sif Muna
Trog
Uskayaw
Vehumet
Xom
Yredelemnul

Shops:
D:1 ([*   D:3 *   D:5 :   D:6 *

Annotations:
D:4 Dowan, Duvessa


Innate Abilities, Weirdness & Mutations

You regenerate health from kills.
Your movements are less encumbered by armour. (ER -4)
You have a tail ending in a sharp stinger.


Message History

You feel life coursing into your body.
The dead are walking!
You feel sick.
You are no longer poisoned.
The ice beast barely misses you.
Training target 2.0 for Hexes reached!
Your Hexes skill increases to level 2!
Your Summonings skill increases to level 4!
You closely miss the ice beast.
The ice beast is moderately wounded.
The ice beast closely misses you.
The ice beast hits you but does no damage.
You barely miss the ice beast.
The ice beast is moderately wounded.
The ice beast is no longer covered in acid.
The ice beast barely misses you.
Your deep elf pyromancer zombie hits the ice beast but does no damage.
You hit the ice beast.
The ice beast is heavily wounded.
The ice beast closely misses you.
Your deep elf pyromancer zombie hits the ice beast.
You hit the ice beast but do no damage.
The ice beast is severely wounded.
The ice beast hits you but does no damage.
A gargoyle comes into view. It is wielding a +0 mace.
Your deep elf pyromancer zombie hits the ice beast but does no damage.
The ice beast hits you. The ice beast freezes you!
* * * LOW HITPOINT WARNING * * *
The gargoyle moves out of view.
The ice beast attacks as you move away!
The ice beast hits you but does no damage.
You hit the ice beast.
The ice beast is almost dead.
Your deep elf pyromancer zombie hits the wraith but does no damage.
The ice beast hits you but does no damage.
You hit the ice beast but do no damage. You tail-slap the ice beast.
The ice beast is almost dead.
The ice beast hits you.
* * * LOW HITPOINT WARNING * * *
The ice beast freezes you!
You die...
Kikubaaqudgha rasps: "You have failed me!
Welcome... death!"

..........#........
..........#........
..........#........
..........#........
..........#....)...
..........#........
........#.'........
########.#........
+@YW.....#........
###.Z#####........
#...............
#.#....######...
#......... ...
....##.... .....#
.... .#.... ...
..#. .. ..


You could see a wraith, an ice beast (ally target) and a friendly deep elf
pyromancer zombie.

Vanquished Creatures
  A deep elf pyromancer (D:8)
  An efreet (D:8)
  A meliai (D:8)
  2 ice beasts (D:7)
  An ogre (D:7)
  2 centaurs
  2 necrophages
  3 bullfrogs
  2 scorpions
  A wight (D:7)
  A bullfrog zombie (D:7)
  4 jellies
  3 hounds
  3 iguanas (D:6)
  6 orc wizards
  A killer bee zombie (D:7)
  3 gnolls (D:2)
  9 adders
  2 white imps
  An ufetubus (D:5)
  2 worms (D:3)
  4 dart slugs
  26 orcs
  5 endoplasms
  4 giant cockroaches
  6 goblins
  8 hobgoblins
  6 kobolds
  A quokka (D:1)
  4 ball pythons
  7 bats
  5 frilled lizards
  14 rats
141 creatures vanquished.

Vanquished Creatures (collateral kills)
  Menkaure (D:6)
  A centaur (D:7)
  2 bullfrogs (D:7)
  A wyvern zombie (D:7)
  3 wights
  2 centaur zombies (D:7)
  An orc wizard (D:6)
  A killer bee zombie (D:7)
  An adder (D:6)
  7 orcs
  2 endoplasms
  A quokka (D:1)
  A frilled lizard (D:3)
24 creatures vanquished.

Vanquished Creatures (others)
  2 centaur zombies (D:7)
  An orc wizard (D:7)
  An ogre zombie (D:7)
  An ice beast zombie (D:7)
  An orc (D:8)
  9 orc zombies
  A withered plant (D:7)
16 creatures vanquished.

Grand Total: 181 creatures vanquished

Notes
Turn   | Place    | Note
-------+----------+-------------------------------------------
     0 | D:1      | Ashen the Demonspawn Necromancer began the quest for the
                  | Orb.
     0 | D:1      | Reached XP level 1. HP: 13/13 MP: 3/3
   273 | D:1      | Found Riotof's Antique Weapon Shop.
   309 | D:1      | Gained mutation: Your movements are slightly less
                  | encumbered by armour. (ER -2) [demonic ancestry]
   309 | D:1      | Reached XP level 2. HP: 12/19 MP: 0/5
   514 | D:1      | Found a faded altar of an unknown god.
  1010 | D:1      | Found Vypiut's Assorted Antiques.
  1017 | D:1      | Gained mutation: You have a small tail. [demonic ancestry]
  1017 | D:1      | Reached XP level 3. HP: 25/25 MP: 4/6
  1037 | D:1      | Found Marruhor's Antique Armour Shoppe.
  1357 | D:2      | Reached skill level 1 in Fighting
  1581 | D:2      | Reached XP level 4. HP: 32/32 MP: 1/7
  2412 | D:3      | Reached skill level 5 in Necromancy
  2527 | D:3      | You fall into a shaft and drop 3 floors!
  2536 | D:6      | Learned a level 3 spell: Vampiric Draining
  2541 | D:6      | Learned a level 4 spell: Animate Dead
  2615 | D:6      | Gained mutation: You regenerate a little health from kills.
                  | [demonic ancestry]
  2615 | D:6      | Reached XP level 5. HP: 15/38 MP: 2/9
  2615 | D:6      | Noticed Menkaure
  2624 | D:6      | Killed Menkaure
  2625 | D:6      | Gained mutation: You regenerate health from kills. [demonic
                  | ancestry]
  2625 | D:6      | Reached XP level 6. HP: 19/45 MP: 3/10
  3338 | D:6      | Reached XP level 7. HP: 51/51 MP: 9/12
  3483 | D:6      | Found Imosk's Fire Supplies.
  3585 | D:6      | Found a sparkling altar of Nemelex Xobeh.
  3807 | D:5      | Entered Level 5 of the Dungeon
  4181 | D:5      | Reached skill level 6 in Necromancy
  4630 | D:5      | Found a staircase to the Ecumenical Temple.
  4678 | D:5      | Found Neanacku's Book Shoppe.
  4680 | D:5      | Found a large runed translucent door.
  4702 | D:5      | Found a large runed translucent door.
  4944 | Temple   | Entered the Ecumenical Temple
  5095 | Temple   | Became a worshipper of Kikubaaqudgha
  5163 | D:5      | Found a bloodstained altar of Trog.
  5190 | D:5      | Found a radiant altar of Vehumet.
  5351 | D:4      | Learned a level 3 spell: Call Canine Familiar
  5791 | D:4      | Noticed Dowan
  6263 | D:4      | Gained mutation: Your movements are less encumbered by
                  | armour. (ER -4) [demonic ancestry]
  6263 | D:4      | Reached XP level 8. HP: 46/60 MP: 14/14
  6721 | D:3      | Found Deropsou's Assorted Antiques.
  6919 | D:3      | Found a blossoming altar of Fedhas.
  7065 | D:3      | Found a hazy altar of Hepliaklqana.
  7194 | D:4      | Noticed Duvessa
  7234 | D:6      | Reached skill level 1 in Summonings
  7460 | D:7      | Found a shimmering altar of Xom.
  7460 | D:7      | Found a shimmering altar of Xom.
  7460 | D:7      | Found a shimmering altar of Xom.
  7460 | D:7      | Found a shimmering altar of Xom.
  7620 | D:7      | Found a shimmering altar of Xom.
  7620 | D:7      | Found a shimmering altar of Xom.
  7621 | D:7      | Found a shimmering altar of Xom.
  7802 | D:7      | Reached skill level 5 in Stealth
  7911 | D:7      | Reached skill level 7 in Necromancy
  8092 | D:7      | Reached * piety under Kikubaaqudgha
  8092 | D:7      | Received a gift from Kikubaaqudgha
  8098 | D:7      | Learned a level 4 spell: Anguish
  8269 | D:7      | Reached skill level 5 in Spellcasting
  8329 | D:7      | Reached skill level 5 in Dodging
  8329 | D:7      | Gained mutation: You have a tail ending in a sharp stinger.
                  | [demonic ancestry]
  8329 | D:7      | Reached XP level 9. HP: 67/67 MP: 13/16
  8495 | D:7      | Reached skill level 5 in Fighting
  8495 | D:7      | Reached skill level 1 in Hexes
  8610 | D:7      | Noticed a troll
  8646 | D:7      | Noticed a moth of wrath
  8650 | D:7      | Noticed an elephant
  8650 | D:7      | a moth of wrath changed into an elephant
  9064 | D:8      | Noticed a meliai
  9074 | D:8      | Noticed an efreet
  9078 | D:8      | Noticed a deep elf pyromancer
  9081 | D:8      | Killed a meliai
  9085 | D:8      | Killed an efreet
  9089 | D:8      | Killed a deep elf pyromancer
  9094 | D:8      | Noticed a gargoyle
  9097 | D:8      | Slain by an ice beast

Illustrated notes

Levels and vault maps discovered:
D:1:      lightli_arrival_lavapool, layout_basic, serial_shops, shop_fountains,
          shop, nicolae_shop_trees,
          hellmonk_ecumenical_altar_pennies_from_heaven
D:2:      layout_loops_ring, minmay_hexomino_c4
D:3:      layout_basic, mainiacjoe_overflow_surrounded_room,
          mainiacjoe_overflow_big_doors, serial_shops, shop,
          kennysheep_generic_room_6
D:4:      layout_layer_cave, uniq_duvessa
D:5:      layout_loops_ring, jmf_multi_god_temple2, temple_statues,
          serial_shops, shop
D:6:      layout_cave_pods, nemelex_spade_bored_becter, chequers_jeans,
          nicolae_shop_fire_sale [nicolae_sub_dead_trees],
          hellmonk_bongcloud_opening, item_on_display_a, uniq_menkaure
D:7:      layout_cave_pools, xom_shifter_show, serial_undead, serial_undead_c,
          serial_undead_a, serial_undead_f, serial_undead_a
D:8:      minmay_cut_squares, layout_basic, mainiacjoe_overflow_paths
Temple:   hellmonk_temple_forest_ring

Skill      XL: |  1  2  3  4  5  6  7  8  9 |
---------------+----------------------------+-----
Stealth        | 2 3 4 5 |  5.0
Dodging        | 2 3 4 5 |  5.6
Fighting       | 1 2 3 4 5 |  5.6
Necromancy     | 5 6 7 |  7.8
Spellcasting   | 3 4 5 |  5.9
Summonings     | 2 4 |  4.1
Hexes          | 2 |  2.0

Action                   |  1- 3 |  4- 6 |  7- 9 || total
-------------------------+-------+-------+-------++-------
Melee: Unarmed           |     6 |       |       ||     6
       Punch             |     1 |       |     4 ||     5
       Dagger            |    24 |    22 |       ||    46
       Tailslap          |     3 |     4 |    33 ||    40
       Short sword       |       |       |    28 ||    28
       Rapier            |       |       |   130 ||   130
 Cast: Necrotise         |    51 |    68 |   105 ||   224
       Vampiric Draining |       |     2 |    17 ||    19
       Animate Dead      |       |     1 |     6 ||     7
       Call Canine Famil |       |       |    16 ||    16
       Anguish           |       |       |     2 ||     2
Evoke: Wand              |       |       |     4 ||     4
  Use: Scroll            |       |       |     1 ||     1
       Potion            |       |       |     1 ||     1
 Stab: Sleeping          |       |     1 |     1 ||     2
       Distracted        |       |       |     3 ||     3
Armor: Leather armour    |    12 |    10 |   162 ||   184
Dodge: Dodged            |    32 |    20 |   265 ||   317
